 Dungeon Crawl Stone Soup version 0.18.1-5-g4a78601 (webtiles) character file.

57 Mefis the Magician (level 3, -2/19 HPs)
             Began as a Deep Elf Wizard on May 11, 2016.
             Slain by Sigmund
             ... wielding a +0 scythe
              (12 damage)
             ... on level 2 of the Dungeon.
             The game lasted 00:03:26 (1768 turns).

Mefis the Magician (Deep Elf Wizard)                Turns: 1768, Time: 00:03:27

Health: -2/19      AC:  3    Str:  4    XL:     3   Next: 73%
Magic:  8/11       EV: 10    Int: 23    God:
Gold:   130        SH:  3    Dex: 13    Spells: 1 memorised, 10 levels left

rFire  . . .     SeeInvis .     k - +3 short sword
rCold  . . .     Gourm    .     a - +0 robe
rNeg   . . .     Faith    .     p - +0 buckler
rPois  .         Spirit   .     l - +0 helmet
rElec  .         Dismiss  .     (no cloak)
rCorr  .         Reflect  .     (no gloves)
SustAt .         Harm     .     (no boots)
MR     +....                    (no amulet)
Stlth  ++........               q - -2 ring of evasion (curse)
                                i - ring of protection from magic

@: somewhat resistant to hostile enchantments, unstealthy
A: no striking features
a: no special abilities


You were on level 2 of the Dungeon.
You were not hungry.

You visited 1 branch of the dungeon, and saw 2 of its levels.

You collected 130 gold pieces.

Inventory:

Hand Weapons
 e - a +0 dagger
 k - a +3 short sword (weapon)
Missiles
 g - 14 arrows
Armour
 a - a +0 robe (worn)
 l - a +0 helmet (worn)
 p - a +0 buckler (worn)
Jewellery
 i - a ring of protection from magic (left hand)
 q - a cursed -2 ring of evasion (right hand)
Scrolls
 f - a scroll of noise
 h - a scroll of teleportation {unknown}
 t - a scroll of remove curse {unknown}
Potions
 b - a potion of beneficial mutation {unknown}
 n - a potion of resistance {unknown}
 o - a potion of curing {unknown}
 s - a potion of might {unknown}
Books
 c - a book of Minor Magic

   Spells                             Type                      Level
   a - Magic Dart                     Conjuration                  1
   b - Blink                          Translocation                2
   c - Call Imp                       Summoning                    2
   d - Repel Missiles                 Charms/Air                   2
   e - Slow                           Hexes                        2
   f - Conjure Flame                  Conjuration/Fire             3
   g - Mephitic Cloud                 Conjuration/Poison/Air       3
Comestibles
 d - 3 bread rations
 j - a meat ration
 m - 2 beef jerkies


   Skills:
 + Level 0.2 Fighting
 + Level 0.4 Short Blades
 + Level 3.2 Dodging
 + Level 2.9 Stealth
 + Level 0.2 Shields
 + Level 4.9 Spellcasting
 + Level 2.2 Conjurations
   Level 1.1 Summonings
   Level 1.1 Translocations


You had 10 spell levels left.
You knew the following spells:

 Your Spells              Type           Power        Failure   Level  Hunger
a - Magic Dart            Conj           ###.         8%          1    None


Dungeon Overview and Level Annotations

Branches:
Dungeon (2/15)

Altars:

Annotations:
D:2 Sigmund


Message History

The magic dart hits Sigmund.
Sigmund is moderately wounded.
Casting: Magic Dart
Confirm with . or Enter, or press ? or * to list all spells.
Aiming: Magic Dart
Press: ? - help, Shift-Dir - straight line, f/p - Sigmund
Aim: Sigmund, wielding a scythe and wearing a robe (moderately wounded)
The magic dart hits Sigmund.
Sigmund is moderately wounded.
Sigmund hits you but does no damage.
Casting: Magic Dart
Confirm with . or Enter, or press ? or * to list all spells.
Aiming: Magic Dart
Press: ? - help, Shift-Dir - straight line, f/p - Sigmund
Aim: Sigmund, wielding a scythe and wearing a robe (moderately wounded)
The magic dart hits Sigmund.
Sigmund is moderately wounded.
Sigmund hits you with a scythe!
Ouch! That really hurt!
You die...

.........## #.....##.# #.#
# ..###.##.# #........# #.#
..###.##.### #.....##.# #.#
......<....# #.....##.# #.#
..###.#....## ###.####.#
#.# #.......# #.####(###.#
###.....# #......†......
......#..#####..##...##.#..
#####.......@@.....#...
#.#.#######.##...## #.#.#
..###### ..#.# .## ###.# #.
#$ #.


You could see Sigmund.

Vanquished Creatures
  A gnoll (D:1)
  2 adders (D:2)
  2 giant geckos (D:1)
  2 bats
  2 giant cockroaches
  3 goblins
  2 hobgoblins (D:2)
  3 jackals (D:2)
  5 kobolds
  4 rats
26 creatures vanquished.

Notes
Turn   | Place    | Note
--------------------------------------------------------------
     0 | D:1      | Mefis the Deep Elf Wizard began the quest for the Orb.
     0 | D:1      | Reached XP level 1. HP: 10/10 MP: 7/7
   543 | D:1      | Reached XP level 2. HP: 15/15 MP: 7/9
  1385 | D:2      | Reached XP level 3. HP: 19/19 MP: 4/11
  1757 | D:2      | Noticed Sigmund
  1768 | D:2      | Slain by Sigmund

Skill      XL: |  1  2  3 |
---------------+----------+-----
Dodging        | 3 |  3.2
Conjurations   | 2 |  2.2
Fighting       | |  0.2
Short Blades   | |  0.4
Stealth        | |  2.9
Shields        | |  0.2
Spellcasting   | |  4.9
Summonings     | |  1.1
Translocations | |  1.1

Action                   || total
-------------------------++-------
Melee: Short sword       ||    13
 Cast: Magic Dart        ||    65
  Use: Scroll            ||     1
  Eat: Chunk             ||     2
Armor: Robe              ||     2
Dodge: Dodged            ||    12
Block: Buckler           ||     5
